 Dungeon Crawl Stone Soup version 0.30-a0-1018-g25214051b3 (webtiles) character file.

Game seed: 1032087713711896495

928 Danienth the Slasher (level 7, -18/91 HPs)
             Began as a Minotaur Berserker on Apr 7, 2023.
             Was a Priest of Trog.
             Demolished by a white very ugly thing (45 damage)
             ... on level 1 of the Abyss.
             The game lasted 00:40:15 (3837 turns).

Danienth the Slasher (Minotaur Berserker)           Turns: 3837, Time: 00:40:17

Health: -18/91     AC: 11    Str: 27    XL:     7   Next: 85%
Magic:  6/6        EV: 11    Int:  4    God:    Trog [***...]
Gold:   234        SH:  4    Dex: 12    Spells: 6/6 levels left

rFire   . . .      SeeInvis .    H - +4 hand axe (freeze)
rCold   . . .      Faith    .    s - +0 buckler
rNeg    . . .      Spirit   .    d - +0 ring mail
rPois   .          Reflect  .    (helmet restricted)
rElec   .          Rampage  .    (no cloak)
rCorr   .                        m - +0 pair of gloves
Will    ++...                    (no boots) Stlth
                                 (no amulet)
HPRegen 1.35/turn                e - +6 ring of strength
MPRegen 0.10/turn                h - +4 ring of protection

@: berserking (expiring), strong-willed, regenerating, very quick
A: horns 2, retaliatory headbutt
a: Renounce Religion, Berserk, Trog's Hand


You were on level 1 of the Abyss.
You worshipped Trog.
Trog was most pleased with you.
You visited 1 branch of the dungeon, and saw 5 of its levels.
You visited the Abyss 1 time.

You collected 234 gold pieces.

Inventory:

Hand Weapons
 a - a +1 falchion
 j - a +0 dagger of venom
 H - a +4 hand axe of freezing (weapon)
Missiles
 u - 11 poisoned darts (quivered)
Armour
 b - a +0 animal skin
 d - a +0 ring mail (worn)
 f - an orb of wrath
 m - a +0 pair of gloves (worn)
 s - a +0 buckler (worn)
Magical Staves
 l - a staff of conjuration
Jewellery
 e - a +6 ring of strength (left hand)
 g - a +5 ring of evasion
 h - a +4 ring of protection (right hand)
Scrolls
 q - 2 scrolls of teleportation
 t - a scroll of amnesia {unknown}
 v - 3 scrolls of enchant armour {unknown}
 y - a scroll of fog {unknown}
 A - a scroll of blinking {unknown}
 C - 2 scrolls of identify
 D - 2 scrolls of fear {unknown}
 E - a scroll of vulnerability {unknown}
 F - a scroll of magic mapping
Potions
 c - a potion of invisibility {unknown}
 i - a potion of attraction {unknown}
 k - 2 potions of degeneration
 n - a potion of might {unknown}
 o - 2 potions of brilliance {unknown}
 p - a potion of mutation {unknown}
 r - 2 potions of heal wounds {unknown}
 w - a potion of resistance {unknown}
 x - 2 potions of flight {unknown}
 z - 2 potions of berserk rage {unknown}
 B - a potion of curing {unknown}
 G - a potion of ambrosia {unknown}


   Skills:
 + Level 5.5 Fighting
 - Level 7.8 Long Blades
 * Level 1.5 Axes
 + Level 5.7 Armour
 + Level 3.4 Dodging
 - Level 0.5 Stealth
 + Level 2.4 Shields


You had 6 spell levels left.
You didn't know any spells.
Your spell library was empty.

Dungeon Overview and Level Annotations

Branches:
Dungeon (5/15)
 Temple: D:4-7

Altars:
Elyvilon
Okawaru
Zin
The Shining One

Shops:
D:2 *

Annotations:
D:5 Edmund


Innate Abilities, Weirdness & Mutations

You have a pair of horns on your head.
You reflexively headbutt those who attack you in melee.


Message History

You headbutt the thrashing horror.
The thrashing horror tramples you but does no damage.
Your skin crawls.
You feel strong-willed. The thrashing horror tramples you!
You hold your ground!
The thrashing horror tramples you but does no damage.
A red film seems to cover your vision as you go berserk!
You feel yourself moving faster!
You feel mighty!
The thrashing horror tramples you but does no damage.
The thrashing horror misses you.
The green very ugly thing basks in the mutagenic energy from its kin and changes!
You feel a strong urge to attack something.
The green very ugly thing gurgles horribly!
You hear a horrible gurgling sound!
You hit the green very ugly thing. You freeze the green very ugly thing.
You headbutt the green very ugly thing!!
The green very ugly thing is moderately wounded.
The green very ugly thing stings you.
You hit the green very ugly thing. You freeze the green very ugly thing.
Your headbutt misses the green very ugly thing.
The green very ugly thing is moderately wounded.
The green very ugly thing stings you!!
You slash the green very ugly thing! You freeze the green very ugly thing.
The green very ugly thing is moderately wounded.
You closely miss the white very ugly thing.
Your headbutt misses the white very ugly thing.
You slash the white very ugly thing! You freeze the white very ugly thing.
The white very ugly thing is lightly wounded.
The white very ugly thing claws you but does no damage.
The green very ugly thing basks in the mutagenic energy from its kin and changes!
You barely miss the white very ugly thing.
The white very ugly thing is lightly wounded.
The white very ugly thing claws you but does no damage.
You closely miss the white very ugly thing.
Your headbutt misses the white very ugly thing.
The white very ugly thing is lightly wounded.
The white very ugly thing claws you!
* * * LOW HITPOINT WARNING * * *
The white very ugly thing freezes you!!!
You die...

#. .#... . ...
..... . ...
...... ....
..... ...#.
.......####.#...
......u#.....#..
....uuu....'...
.......#@####...
...... #.# .
...####.# . #.#
.# ... #.. #.#
#.. ..


You could see 3 very ugly things and a green ugly thing.

Vanquished Creatures
  A water moccasin (D:5)
  A small abomination (Abyss:1)
  5 wights (D:5)
  3 hounds
  2 orc priests (D:4)
  A jelly (D:5)
  An iguana (D:4)
  An orc wizard (D:4)
  4 gnolls (D:2)
  8 adders
  A white imp (D:5)
  3 worms
  5 dart slugs
  19 orcs
  5 ball pythons
  10 endoplasms
  4 giant cockroaches
  5 goblins
  4 hobgoblins
  11 kobolds
  4 quokkas
  5 bats
  2 frilled lizards
  8 rats
113 creatures vanquished.

Notes
Turn   | Place    | Note
-------+----------+-------------------------------------------
     0 | D:1      | Danienth the Minotaur Berserker began the quest for the
                  | Orb.
     0 | D:1      | Reached XP level 1. HP: 19/19 MP: 0/0
    85 | D:1      | Reached skill level 4 in Long Blades
    91 | D:1      | Reached XP level 2. HP: 25/27 MP: 1/1
   465 | D:1      | Reached XP level 3. HP: 25/33 MP: 2/2
   527 | D:1      | Reached ** piety under Trog
  1097 | D:2      | Reached XP level 4. HP: 41/41 MP: 3/3
  1098 | D:2      | Reached skill level 5 in Long Blades
  1122 | D:2      | Reached skill level 1 in Shields
  1541 | D:2      | Found Cahuhatu's Assorted Antiques.
  1646 | D:2      | Reached XP level 5. HP: 47/47 MP: 4/4
  2334 | D:3      | Found a glowing golden altar of the Shining One.
  2334 | D:3      | Found a white marble altar of Elyvilon.
  2334 | D:3      | Found a glowing silver altar of Zin.
  2364 | D:3      | Found a faded altar of an unknown god.
  2699 | D:4      | Reached *** piety under Trog
  2723 | D:4      | Reached skill level 6 in Long Blades
  2773 | D:4      | Reached XP level 6. HP: 53/53 MP: 5/5
  3264 | D:5      | Entered Level 5 of the Dungeon
  3352 | D:5      | Found an iron altar of Okawaru.
  3404 | D:5      | Noticed a water moccasin
  3417 | D:5      | Killed a water moccasin
  3418 | D:5      | Reached skill level 5 in Fighting
  3418 | D:5      | Reached skill level 7 in Long Blades
  3418 | D:5      | Reached XP level 7. HP: 34/61 MP: 6/6
  3592 | D:5      | Reached skill level 5 in Armour
  3765 | D:5      | Noticed Edmund
  3773 | Abyss:1  | Cast into level 1 of the Abyss (Edmund)
  3784 | Abyss:1  | Reached skill level 1 in Axes
  3786 | Abyss:1  | Noticed a green very ugly thing
  3821 | Abyss:1  | Noticed a thrashing horror
  3825 | Abyss:1  | Noticed a green very ugly thing
  3826 | Abyss:1  | Noticed a green very ugly thing
  3826 | Abyss:1  | Noticed a green very ugly thing
  3826 | Abyss:1  | Noticed a green ugly thing
  3837 | Abyss:1  | Demolished by a white very ugly thing

Illustrated notes

Levels and vault maps discovered:
D:1:      shiori_shiawase, layout_loops_ring, hex_tiny,
          dreamdust_princess_bridge, minmay_heptomino_w4
D:2:      layout_loops_ring, serial_shops, nicolae_shop_trees
D:3:      layout_basic, good_gods_mini_temple, nicolae_ecumenical_lake_church
D:4:      layout_rooms
D:5:      nicolae_cairo_tiling_very_big, layout_basic, okawaru_trees_2,
          nrook_mini_backslash, st_stairs_11, uniq_edmund
Abyss:1:  base: D:5, hangedman_abyss_river_spirits

Skill      XL: |  1  2  3  4  5  6  7 |
---------------+----------------------+-----
Long Blades    | 4 5 6 7 |  7.8
Fighting       | 4 5 |  5.5
Armour         | 3 4 5 |  5.7
Shields        | 1 2 |  2.4
Dodging        | 3 |  3.4
Axes           | 1 |  1.5
Stealth        | |  0.5

Action                     |  1- 3 |  4- 6 |  7- 9 || total
---------------------------+-------+-------+-------++-------
  Melee: Falchion          |    88 |   166 |    35 ||   289
         Headbutt          |     7 |    28 |     8 ||    43
         Punch             |     1 |       |       ||     1
         Hand axe          |       |       |    16 ||    16
 Invoke: Berserk           |     1 |     3 |     1 ||     5
         Trog's Hand       |       |       |     1 ||     1
    Use: Scroll            |       |     5 |       ||     5
 Armour: Ring mail         |    35 |    85 |    19 ||   139
         Animal skin       |     1 |       |       ||     1
  Dodge: Dodged            |    39 |    93 |    25 ||   157
  Block: Buckler           |     1 |    33 |    10 ||    44

Table legend: (Time is in decaauts)
 A = Elapsed time spent in this place.
 B = Non-inter-level travel time spent in this place.
 C = Inter-level travel time spent in this place.
 D = Time resting spent in this place.
 E = Time spent auto-exploring this place.
 F = Levels seen in this place.
 G = Mean time per level.
                   A        B        C        D        E       F      G
               +--------+--------+--------+--------+--------+-----+--------+
         Total |   3881 |   3577 |    304 |    553 |   2288 |   6 |  646.8 |
       Dungeon |   3817 |   3513 |    304 |    512 |   2287 |   5 |  763.4 |
         Abyss |     64 |     64 |      0 |     41 |      1 |   1 |   64.0 |
               +--------+--------+--------+--------+--------+-----+--------+

Top non-repeatable levels by time:
     D:3: 944 daAuts
     D:2: 890 daAuts
     D:1: 872 daAuts
     D:4: 601 daAuts
     D:5: 508 daAuts
 Abyss:1: 64 daAuts
